 Dungeon Crawl Stone Soup version 0.29.0-4-gdea44cf6ec (webtiles) character file.

Game seed: 11756505790900384043

1897 qw the Grappler (level 8, -4/75 HPs)
             Began as a Troll Cinder Acolyte on Sept 1, 2022.
             Was a Priest of Ignis.
             Slain by a two-headed ogre
             ... wielding a +0 giant club
              (10 damage)
             ... on level 6 of the Dungeon.
             The game lasted 00:02:17 (4782 turns).

qw the Grappler (Troll Cinder Acolyte)              Turns: 4782, Time: 00:02:18

Health: -4/75      AC: 14    Str: 25    XL:     8   Next: 93%
Magic:  8/8        EV:  8    Int: 10    God:    Ignis [***...]
Gold:   148        SH:  9    Dex:  5    Spells: 9/9 levels left

rFire   + . .      SeeInvis .     - Unarmed
rCold   . . .      Faith    .   b - +1 kite shield {AC+3}
rNeg    . . .      Spirit   .   a - +0 robe
rPois   .          Reflect  .   (helmet restricted)
rElec   .          Harm     .   (no cloak)
rCorr   .          Rampage  .   (gloves unavailable)
Will    ++...                   (boots unavailable)
Stlth   +.........              (no amulet)
HPRegen 1.02/turn               e - ring of willpower
MPRegen 0.11/turn               h - ring of willpower

@: about to teleport, weakened, fiery-armoured, very slow
A: large, unfitting armour, claws 3, regeneration 1, shaggy fur 1, tough skin 1
a: Renounce Religion, Fiery Armour, Foxfire Swarm, Rising Flame


You were on level 6 of the Dungeon.
You worshipped Ignis.
Ignis was most pleased with you.
You visited 1 branch of the dungeon, and saw 6 of its levels.

You collected 425 gold pieces.
You spent 277 gold pieces at shops.


Innate Abilities, Weirdness & Mutations

You are too large for most types of armour.
You have claws for hands.
Your natural rate of healing is unusually fast.
You are covered in fur. (AC +1)
You have tough skin. (AC +1)


   Skills:
 - Level 3.0 Fighting
 + Level 1.0 Throwing
 - Level 6.4 Shields
 - Level 9.2 Unarmed Combat
 - Level 1.0 Spellcasting
 - Level 2.1 Fire Magic


You had 9 spell levels left.
You didn't know any spells.
Your spell library contained the following spells:

 Spells                   Type           Power      Damage    Failure   Level
 Scorch                   Fire           8%         2d5       41%         2

Inventory:

Missiles
 n - 3 javelins (quivered)
Armour
 a - a +0 robe (worn)
 b - a +1 kite shield of protection (worn)
Jewellery
 e - a ring of willpower (left claw)
 h - a ring of willpower (right claw)
 j - a ring of positive energy
Scrolls
 d - 6 scrolls of identify
 f - a scroll of brand weapon
 k - a scroll of amnesia {unknown}
 l - a scroll of summoning {unknown}
 o - a scroll of enchant weapon {unknown}
Potions
 c - 3 potions of mutation
 g - 2 potions of curing
 m - a potion of resistance {unknown}

Dungeon Overview and Level Annotations

Branches:
Dungeon (6/15)             Temple (0/1) D:4

Altars:
Wu Jian

Shops:
D:5 [   D:6 ?


Message History

The gnoll splashes around in the water.
The gnoll bouda gazes fiercely through you!
You feel your attacks grow feeble.
A gnoll comes into view. It is wielding a +0 club.
The gnoll closely misses you.
The gnoll hits you from afar with a +0 spear.
You claw the two-headed ogre!
The two-headed ogre is lightly wounded.
The two-headed ogre hits you with a +0 giant spiked club!
The two-headed ogre is burned by your cloak of flames.
The two-headed ogre is moderately wounded.
The two-headed ogre hits you with a +0 giant club!
The two-headed ogre is burned by your cloak of flames.
The two-headed ogre is moderately wounded.
A kobold brigand comes into view.
It is wielding a +0 short sword and quivering curare-tipped darts.
The gnoll hits you from afar with a +0 spear.
You block the gnoll's attack.
The kobold brigand shouts!
You claw the two-headed ogre!
The two-headed ogre is heavily wounded.
The two-headed ogre hits you with a +0 giant club!!
The two-headed ogre is burned by your cloak of flames.
The two-headed ogre is lightly wounded.
You block the two-headed ogre's attack.
The gnoll hits you from afar with a +0 spear.
You block the two-headed ogre's attack.
The two-headed ogre hits you with a +0 giant club.
The two-headed ogre is burned by your cloak of flames.
The two-headed ogre is heavily wounded.
You hear a shout!
4782 ||| READING scroll of teleportation.
As you read the scroll of teleportation, it crumbles to dust.
You feel strangely unstable.
The gnoll bouda gazes fiercely through you!
You feel as though you will be weak longer.
The gnoll bouda splashes around in the water.
The gnoll hits you from afar with a +0 spear. x2
You block the two-headed ogre's attack.
The two-headed ogre hits you with a +0 giant spiked club!
You die...

##########
.........###########
########...........##
# #.#########..# #
#.# ####''#### # #/#
##~~~..~~~# # #.#
##~~~~..~~~~# # #.#
#~~~@~..~~~~~# # #.#
#~~~gOO..~~~~~~ #####
# #.##~~~~gSSg.~~~~~~
#.... #
#~~~~~KK~g.~~~~~~
#.... #
#~~~~~g~~..~~~~~~
#.### #
#~~~~~~~#..#~~~~
#.... #######
#~~~~~g~K...~~~ #####
......#
.#~~~~~~~....~~~
......##.#


You could see 2 two-headed ogres, a kobold brigand, a gnoll bouda, 2 electric
eels, 5 gnolls and 2 kobolds.

Vanquished Creatures
  Edmund (D:5)
  A water moccasin (D:6)
  3 ice beasts
  2 black bears
  4 necrophages
  A gnoll sergeant (D:5)
  4 scorpions
  An orc priest (D:4)
  2 hounds
  2 iguanas
  Jessica (D:2)
  Terence (D:2)
  Natasha (thrice) (D:2)
  3 orc wizards (D:4)
  10 gnolls (D:5)
  18 adders
  A white imp (D:6)
  5 dart slugs
  3 orcs
  5 bats
  7 endoplasms
  2 giant cockroaches
  7 goblins
  8 hobgoblins
  2 jackals (D:3)
  4 kobolds
  3 quokkas
  12 ball pythons
  A frilled lizard (D:2)
  3 rats
120 creatures vanquished.

Vanquished Creatures (others)
  4 plants (D:2)
4 creatures vanquished.

Grand Total: 124 creatures vanquished

Notes
Turn   | Place    | Note
-------+----------+-------------------------------------------
     0 | D:1      | qw the Troll Cinder Acolyte began the quest for the Orb.
     0 | D:1      | Reached XP level 1. HP: 22/22 MP: 1/1
     0 | D:1      | 0 ||| qw: Version: 0.1-a-97-g2dd2ca4
     0 | D:1      | 0 ||| qw: Game counter: 4694
     0 | D:1      | 0 ||| qw: Always use a shield: true
     0 | D:1      | 0 ||| qw: God list: Okawaru
     0 | D:1      | 0 ||| qw: Allow faded altars: false
     0 | D:1      | 0 ||| qw: Do Orc after D:15 true
     0 | D:1      | 0 ||| qw: Do second Lair branch before Depths: true
     0 | D:1      | 0 ||| qw: Lair rune preference: random
     0 | D:1      | 0 ||| qw: Plans: Normal
     0 | D:1      | 0 ||| PLANNING D:1-11
   302 | D:1      | Reached XP level 2. HP: 29/29 MP: 2/2
   313 | D:1      | 313 ||| Stepping ~*~*~tactically~*~*~ (hiding).
   648 | D:1      | 648 ||| UPGRADING to ring of willpower.
   649 | D:1      | 649 ||| DROPPING +6 ring of intelligence.
   650 | D:1      | 650 ||| READING scroll labelled MAUTWU KYGO.
   651 | D:1      | 651 ||| READING 3 scrolls labelled TIASTA MIGA.
   652 | D:1      | 652 ||| READING scroll labelled YXACUA SEWKY.
   653 | D:1      | 653 ||| READING 2 scrolls labelled LIMOIC FUAZ.
   654 | D:1      | 654 ||| READING scroll labelled DARICI IPLOH.
   655 | D:1      | 655 ||| READING 2 scrolls of identify.
   655 | D:1      | 655 ||| IDENTIFYING fuming puce potion
   656 | D:1      | 656 ||| DROPPING scroll of poison.
   657 | D:1      | 657 ||| DROPPING potion of magic.
   658 | D:1      | 658 ||| Stepping randomly (stuck).
   659 | D:1      | 659 ||| Stepping randomly (stuck).
   660 | D:1      | 660 ||| Stepping randomly (stuck).
   661 | D:1      | 661 ||| Stepping randomly (stuck).
   662 | D:1      | 662 ||| Stepping randomly (stuck).
   663 | D:1      | 663 ||| Stepping randomly (stuck).
   716 | D:2      | Noticed Terence
   724 | D:2      | Killed Terence
   725 | D:2      | Reached skill level 4 in Unarmed Combat
   725 | D:2      | Reached XP level 3. HP: 15/36 MP: 3/3
   725 | D:2      | 725 ||| INVOKING Fiery Armour.
   742 | D:2      | 742 ||| FLEEEEING.
   743 | D:2      | 743 ||| FLEEEEING.
   744 | D:2      | 744 ||| STAIRDANCE
   758 | D:2      | Reached skill level 1 in Throwing
   787 | D:2      | Noticed Natasha
   788 | D:2      | 788 ||| Stepping ~*~*~tactically~*~*~ (hiding).
   792 | D:2      | Killed Natasha
   793 | D:2      | Reached XP level 4. HP: 44/44 MP: 4/4
   921 | D:2      | 921 ||| Stepping ~*~*~tactically~*~*~ (stealth).
   935 | D:2      | Noticed Natasha
   940 | D:2      | Reached skill level 5 in Unarmed Combat
   943 | D:2      | Killed Natasha
  1078 | D:2      | Noticed Jessica
  1079 | D:2      | 1079 ||| Stepping ~*~*~tactically~*~*~ (hiding).
  1082 | D:2      | Killed Jessica
  1083 | D:2      | Reached XP level 5. HP: 50/50 MP: 5/5
  1128 | D:2      | Found a faded altar of an unknown god.
  1279 | D:2      | Noticed Natasha
  1280 | D:2      | 1280 ||| Stepping ~*~*~tactically~*~*~ (stealth).
  1282 | D:2      | 1282 ||| Stepping ~*~*~tactically~*~*~ (hiding).
  1291 | D:2      | 1291 ||| INVOKING Fiery Armour.
  1295 | D:2      | Killed Natasha
  1455 | D:2      | Reached skill level 6 in Unarmed Combat
  1607 | D:2      | 1607 ||| Stepping ~*~*~tactically~*~*~ (hiding).
  2092 | D:2      | 2092 ||| READING scroll labelled HIBILU ZECAGHE.
  2093 | D:2      | 2093 ||| READING scroll labelled IMASHELUQIOD.
  2093 | D:2      | Identified a scroll of acquirement
  2093 | D:2      | 2093 ||| ACQUIRING +1 kite shield of protection
  2093 | D:2      | Acquired a +1 kite shield of protection
  2095 | D:2      | 2095 ||| UPGRADING to +1 kite shield of protection.
  2100 | D:2      | 2100 ||| READING 2 scrolls of identify.
  2100 | D:2      | 2100 ||| IDENTIFYING bubbling red potion
  2152 | D:3      | Reached skill level 1 in Shields
  2152 | D:3      | Reached XP level 6. HP: 54/58 MP: 6/6
  2428 | D:3      | 2428 ||| Stepping ~*~*~tactically~*~*~ (stealth).
  2591 | D:3      | 2591 ||| READING 2 scrolls labelled RIBRIR CI YTOFI.
  2592 | D:3      | 2592 ||| READING scroll labelled OGROC KIENEZER.
  2597 | D:3      | 2597 ||| DROPPING scroll of fear.
  2610 | D:4      | 2610 ||| Stepping ~*~*~tactically~*~*~ (hiding).
  2612 | D:4      | 2612 ||| Stepping ~*~*~tactically~*~*~ (hiding).
  2629 | D:4      | 2629 ||| INVOKING Fiery Armour.
  2635 | D:4      | Reached skill level 3 in Shields
  2659 | D:4      | Reached XP level 7. HP: 66/66 MP: 7/7
  2662 | D:4      | Found a staircase to the Ecumenical Temple.
  2667 | D:4      | 2667 ||| Stepping ~*~*~tactically~*~*~ (outnumbered).
  2850 | D:4      | 2850 ||| Stepping ~*~*~tactically~*~*~ (hiding).
  3398 | D:4      | 3398 ||| UPGRADING to ring of willpower.
  3399 | D:4      | 3399 ||| DRINKING 2 viscous grey potions.
  3400 | D:4      | 3400 ||| READING 3 scrolls of identify.
  3400 | D:4      | 3400 ||| IDENTIFYING orange potion
  3424 | D:5      | Entered Level 5 of the Dungeon
  3448 | D:5      | 3448 ||| Stepping ~*~*~tactically~*~*~ (stealth).
  3449 | D:5      | 3449 ||| Stepping ~*~*~tactically~*~*~ (stealth).
  3489 | D:5      | 3489 ||| Stepping ~*~*~tactically~*~*~ (stealth).
  3494 | D:5      | 3494 ||| Stepping ~*~*~tactically~*~*~ (outnumbered).
  3550 | D:5      | Reached skill level 7 in Unarmed Combat
  3565 | D:5      | Reached XP level 8. HP: 54/74 MP: 8/8
  3623 | D:5      | Reached skill level 6 in Shields
  3683 | D:5      | Found Loughy's Antique Armour Emporium.
  3737 | D:5      | Noticed Edmund
  3739 | D:5      | 3739 ||| INVOKING Fiery Armour.
  3747 | D:5      | 3747 ||| Stepping ~*~*~tactically~*~*~ (outnumbered).
  3753 | D:5      | Killed Edmund
  3760 | D:5      | Reached skill level 8 in Unarmed Combat
  3854 | D:5      | 3854 ||| Stepping ~*~*~tactically~*~*~ (hiding).
  3865 | D:5      | Reached skill level 3 in Fighting
  4081 | D:5      | Found an ornate altar of the Wu Jian Council.
  4167 | D:5      | 4167 ||| READING scroll labelled INLUAPS EJOE.
  4268 | D:5      | 4268 ||| READING 3 scrolls of identify.
  4268 | D:5      | 4268 ||| IDENTIFYING glowing orange potion
  4269 | D:5      | 4269 ||| READING 2 scrolls of identify.
  4269 | D:5      | 4269 ||| IDENTIFYING purple potion
  4270 | D:5      | 4270 ||| DROPPING potion of brilliance.
  4271 | D:5      | 4271 ||| DROPPING potion of invisibility.
  4359 | D:6      | 4359 ||| INVOKING Fiery Armour.
  4362 | D:6      | HP: 15/75 [poisoned by a water moccasin]
  4363 | D:6      | 4363 ||| READING scroll of teleportation.
  4363 | D:6      | HP: 6/75 [poisoned by a water moccasin]
  4364 | D:6      | 4364 ||| DRINKING potion of heal wounds.
  4365 | D:6      | Reached skill level 9 in Unarmed Combat
  4435 | D:6      | Found Voqekopp's Magic Scroll Shop.
  4447 | D:6      | 4447 ||| BUYING scroll of brand weapon (142 gold).
  4447 | D:6      | Bought a scroll of brand weapon for 142 gold pieces
  4447 | D:6      | 4447 ||| BUYING scroll of identify (30 gold).
  4447 | D:6      | Bought a scroll of identify for 30 gold pieces
  4447 | D:6      | 4447 ||| BUYING scroll of identify (30 gold).
  4447 | D:6      | Bought a scroll of identify for 30 gold pieces
  4447 | D:6      | 4447 ||| BUYING scroll of identify (30 gold).
  4447 | D:6      | Bought a scroll of identify for 30 gold pieces
  4447 | D:6      | 4447 ||| BUYING scroll of teleportation (45 gold).
  4447 | D:6      | Bought a scroll of teleportation for 45 gold pieces
  4776 | D:6      | Noticed a two-headed ogre
  4776 | D:6      | Noticed a two-headed ogre
  4777 | D:6      | 4777 ||| INVOKING Fiery Armour.
  4781 | D:6      | HP: 18/75 [two-headed ogre/+0 giant club (32)]
  4782 | D:6      | 4782 ||| READING scroll of teleportation.
  4782 | D:6      | HP: 8/75 [gnoll/+0 spear[a gnoll bouda] (2)]
  4782 | D:6      | Slain by a two-headed ogre

Levels and vault maps discovered:
D:1:      nzn_arrival_settlement, layout_basic, minivault_27
D:2:      layout_basic, serial_forest, infiniplex_forest_end_2,
          infiniplex_forest_clump_long, infiniplex_forest_clump_curved,
          infiniplex_forest_end_3, infiniplex_forest_clump_small,
          ebering_ecumenical_altar_rust, minmay_statues_item,
          minmay_snake_closets, uniq_jessica, uniq_natasha, uniq_terence
D:3:      layout_rooms
D:4:      layout_loops_ring, minmay_temple_entry_glass
D:5:      layout_basic, pdpol_wu_jian_five_deadly_venoms, serial_shops,
          nicolae_shop_stone, uniq_edmund
D:6:      kennysheep_big_flooded_room, layout_loops_ring, serial_shops,
          nicolae_shop_advertising_works [nicolae_subvault_shop_adworks]

Skill      XL: |  1  2  3  4  5  6  7  8 |
---------------+-------------------------+-----
Unarmed Combat | 4 5 6 7 9 |  9.2
Throwing       | 1 |  1.0
Shields        | 1 3 5 6 |  6.4
Fighting       | 3 |  3.0
Spellcasting   | |  1.0
Fire Magic     | |  2.1

Action                   |  1- 3 |  4- 6 |  7- 9 || total
-------------------------+-------+-------+-------++-------
Melee: Unarmed           |    29 |   111 |   138 ||   278
       Punch             |       |     1 |       ||     1
Throw: Javelin           |    13 |    30 |    33 ||    76
Invok: Fiery Armour      |     1 |     2 |     3 ||     6
  Use: Scroll            |     6 |     5 |     6 ||    17
       Potion            |       |       |     2 ||     2
Armor: Robe              |    18 |    34 |    52 ||   104
Dodge: Dodged            |    12 |    30 |    31 ||    73
Block: Kite shield       |       |    13 |    56 ||    69

Table legend:
 A = Non-vault XP
 B = Vault XP
 C = Vault XP percentage of total XP
 D = Non-vault monster count
 E = Vault monster count
 F = Vault count percentage of total count
                 A         B        C        D         E       F
            +---------+---------+-------+---------+---------+-------
      Total |    2325 |     386 |  14.2 |     105 |      15 |  12.5
            +---------+---------+-------+---------+---------+-------
        D:1 |      25 |       0 |   0.0 |      13 |       0 |   0.0
        D:2 |     122 |     205 |  62.7 |      18 |      14 |  43.8
        D:3 |     233 |       0 |   0.0 |      19 |       0 |   0.0
        D:4 |     362 |       0 |   0.0 |      27 |       0 |   0.0
        D:5 |     947 |     181 |  16.0 |      20 |       1 |   4.8
        D:6 |     636 |       0 |   0.0 |       8 |       0 |   0.0
            +---------+---------+-------+---------+---------+-------
